TOP OF THE 1ST |
Toronto Blue Jays batting - Pitching for New York Yankees : LHP Zach Purvis
|
Pitching: LHP Zach Purvis
|
|
Batting: RHB Danny Burnside
|
0-0: Foul Ball, location: 2F 0-1: Ball 1-1: Ball 2-1: Ball 3-1: Fly out, F9 (Flyball, 9D, EV 104.4 MPH)
|
Batting: RHB Steve Jordan
|
0-0: Ball 1-0: Ball 2-0: Ball 3-0: Called Strike 3-1: SOLO HOME RUN (Flyball, 7LD, EV 94.4 MPH), Distance : 348 ft
|
Batting: RHB Efrain Vargas
|
0-0: Foul Ball, location: 2F 0-1: Ball 1-1: Foul Ball, location: 2F 1-2: Ball 2-2: SOLO HOME RUN (Flyball, 9D, EV 96.9 MPH), Distance : 366 ft
|
Batting: RHB C.J. Richerson
|
0-0: Ball 1-0: Ground out 4-3 (Groundball, 4, EV 83.1 MPH)
|
Batting: RHB Butch Kaiser
|
0-0: Called Strike 0-1: Ball 1-1: SINGLE (Groundball, 25, EV 75.6 MPH) (infield hit)
|
Batting: SHB Jason Woods
|
0-0: Ball 1-0: Ball 2-0: SINGLE (Flyball, 3D, EV 100.0 MPH) Butch Kaiser to second Runner from 2nd tries for 3rd, SAFE, no throw by RF
|
Batting: RHB Brock Van Gilder
|
0-0: Foul Ball, location: 2F 0-1: Ball 1-1: Foul Ball, location: 2F 1-2: Ball 2-2: Ball 3-2: Strikes out swinging
|
Top of the 1st over - 2 runs, 4 hits, 0 errors, 2 left on base; Toronto 2 - New York 0 |
BOTTOM OF THE 1ST |
New York Yankees batting - Pitching for Toronto Blue Jays : RHP Hoof Harted
|
Pitching: RHP Hoof Harted
|
|
Batting: RHB Russ Shambaugh
|
0-0: Ground out 6-3 (Groundball, 6S, EV 83.1 MPH)
|
Batting: RHB Jeckel Hester
|
0-0: Ball 1-0: Fly out, F8 (Flyball, 8LM, EV 80.6 MPH)
|
Batting: SHB Bartholomeu Chambino
|
0-0: Ball 1-0: Ball 2-0: Called Strike 2-1: Foul Ball, location: 2F 2-2: Ball 3-2: Fly out, F7 (Flyball, 7, EV 89.4 MPH)
|
Bottom of the 1st over - 0 runs, 0 hits, 0 errors, 0 left on base; Toronto 2 - New York 0 |
TOP OF THE 2ND |
Toronto Blue Jays batting - Pitching for New York Yankees : LHP Zach Purvis
|
Batting: SHB Dominik Hasek II
|
0-0: Called Strike 0-1: Ball 1-1: Ball 2-1: Fly out, F4 (Popup, 34S, EV 81.9 MPH)
|
Batting: RHB Mike Harkins
|
0-0: Ground out 2-3 (Groundball, 2L, EV 66.9 MPH)
|
Batting: RHB Danny Burnside
|
0-0: Foul Ball, location: 2F 0-1: SINGLE (Groundball, 56D, EV 97.5 MPH)
|
Batting: RHB Steve Jordan
|
0-0: Called Strike 0-1: Called Strike Danny Burnside steals 2nd base 0-2: Ball 1-2: Ball 2-2: Fly out, F9 (Flyball, 9S, EV 91.2 MPH)
|
Top of the 2nd over - 0 runs, 1 hit, 0 errors, 1 left on base; Toronto 2 - New York 0 |
BOTTOM OF THE 2ND |
New York Yankees batting - Pitching for Toronto Blue Jays : RHP Hoof Harted
|
Batting: SHB Gus Berry
|
0-0: Ball 1-0: Foul Ball, location: 2F 1-1: Called Strike 1-2: Fly out, F7 (Flyball, 78D, EV 78.1 MPH)
|
Batting: SHB Mukhtar Wa'il
|
0-0: Called Strike 0-1: Foul Ball, location: 2F 0-2: Strikes out swinging, 2-3 out at first.
|
Batting: RHB Shiro Suehiro
|
0-0: Ball 1-0: SINGLE (Flyball, 4D, EV 91.2 MPH)
|
Batting: RHB Larry Martell
|
0-0: Called Strike 0-1: Called Strike 0-2: Ball 1-2: Foul Ball, location: 2F 1-2: Strikes out looking
|
Bottom of the 2nd over - 0 runs, 1 hit, 0 errors, 1 left on base; Toronto 2 - New York 0 |
TOP OF THE 3RD |
Toronto Blue Jays batting - Pitching for New York Yankees : LHP Zach Purvis
|
Batting: RHB Efrain Vargas
|
0-0: Called Strike 0-1: Ball 1-1: Ball 2-1: Foul Ball, location: 2F 2-2: Foul Ball, location: 2F 2-2: Ball 3-2: Strikes out swinging, 2-3 out at first.
|
Batting: RHB C.J. Richerson
|
0-0: Ball 1-0: Foul Ball, location: 2F 1-1: Ball 2-1: Foul Ball, location: 2F 2-2: SOLO HOME RUN (Flyball, 9D, EV 97.5 MPH), Distance : 380 ft
|
Batting: RHB Butch Kaiser
|
0-0: Ball 1-0: Ball 2-0: Ground out 3-1 (Groundball, 34, EV 99.4 MPH)
|
Batting: SHB Jason Woods
|
0-0: Swinging Strike 0-1: Swinging Strike 0-2: Ball 1-2: Ball 2-2: Foul Ball, location: 2F 2-2: Ball 3-2: Base on Balls
|
Batting: RHB Brock Van Gilder
|
0-0: Ball 1-0: Swinging Strike 1-1: Ball 2-1: Ball 3-1: Ground out 4-3 (Groundball, 4S, EV 71.2 MPH)
|
Top of the 3rd over - 1 run, 1 hit, 0 errors, 1 left on base; Toronto 3 - New York 0 |
BOTTOM OF THE 3RD |
New York Yankees batting - Pitching for Toronto Blue Jays : RHP Hoof Harted
|
Batting: LHB Joel Vera
|
0-0: Called Strike 0-1: Swinging Strike 0-2: Ball 1-2: Ground out 5-3 (Groundball, 56S, EV 73.1 MPH)
|
Batting: RHB Geni Prawiranega
|
0-0: Reached on error, E4 (Flyball, 4MD, EV 90.0 MPH)
|
Batting: RHB Russ Shambaugh
|
0-0: Ball 1-0: Called Strike 1-1: Swinging Strike 1-2: SINGLE (Flyball, 89S, EV 93.8 MPH) Geni Prawiranega to second Runner from 2nd tries for 3rd, SAFE, throw by RF made to third
|
Batting: RHB Jeckel Hester
|
0-0: Called Strike 0-1: Swinging Strike 0-2: Ball 1-2: Ball 2-2: Strikes out looking
|
Batting: SHB Bartholomeu Chambino
|
0-0: Called Strike 0-1: Ball 1-1: Ball 2-1: Swinging Strike 2-2: Foul Ball, location: 2F 2-2: Strikes out looking
|
Bottom of the 3rd over - 0 runs, 1 hit, 1 error, 2 left on base; Toronto 3 - New York 0 |
TOP OF THE 4TH |
Toronto Blue Jays batting - Pitching for New York Yankees : LHP Zach Purvis
|
Batting: SHB Dominik Hasek II
|
0-0: Called Strike 0-1: Foul Ball, location: 2F 0-2: Ball 1-2: Ball 2-2: Strikes out looking
|
Batting: RHB Mike Harkins
|
0-0: Foul Ball, location: 2F 0-1: Ground out 6-3 (Groundball, 6M, EV 86.9 MPH)
|
Batting: RHB Danny Burnside
|
0-0: Ball 1-0: Ball 2-0: Called Strike 2-1: Foul Ball, location: 2F 2-2: Strikes out swinging
|
Top of the 4th over - 0 runs, 0 hits, 0 errors, 0 left on base; Toronto 3 - New York 0 |
BOTTOM OF THE 4TH |
New York Yankees batting - Pitching for Toronto Blue Jays : RHP Hoof Harted
|
Batting: SHB Gus Berry
|
0-0: Called Strike 0-1: Swinging Strike 0-2: SINGLE (Flyball, 56D, EV 92.5 MPH)
|
Batting: SHB Mukhtar Wa'il
|
0-0: Fly out, F8 (Flyball, 8RS, EV 85.0 MPH)
|
Batting: RHB Shiro Suehiro
|
0-0: Called Strike 0-1: Ball 1-1: Grounds into double play, 4-6-3 (Groundball, 34, EV 83.1 MPH)
|
Bottom of the 4th over - 0 runs, 1 hit, 0 errors, 0 left on base; Toronto 3 - New York 0 |
TOP OF THE 5TH |
Toronto Blue Jays batting - Pitching for New York Yankees : LHP Zach Purvis
|
Batting: RHB Steve Jordan
|
0-0: Ball 1-0: Foul Ball, location: 2F 1-1: Ball 2-1: Foul Ball, location: 2F 2-2: Ground out 5-3 (Groundball, 5S, EV 63.8 MPH)
|
Batting: RHB Efrain Vargas
|
0-0: Ball 1-0: Called Strike 1-1: SINGLE (Groundball, 6MD, EV 98.8 MPH)
|
Batting: RHB C.J. Richerson
|
0-0: Fly out, F9 (Line Drive, 9, EV 99.4 MPH)
|
Batting: RHB Butch Kaiser
|
0-0: Ball 1-0: Foul Ball, location: 2F 1-1: Swinging Strike 1-2: Ball 2-2: Foul Ball, location: 2F 2-2: Strikes out swinging
|
Top of the 5th over - 0 runs, 1 hit, 0 errors, 1 left on base; Toronto 3 - New York 0 |
BOTTOM OF THE 5TH |
New York Yankees batting - Pitching for Toronto Blue Jays : RHP Hoof Harted
|
Batting: RHB Larry Martell
|
0-0: Called Strike 0-1: Ball 1-1: Ground out 6-3 (Groundball, 6, EV 106.2 MPH)
|
Batting: LHB Joel Vera
|
0-0: Fly out, F8 (Flyball, 78D, EV 81.9 MPH)
|
Batting: RHB Geni Prawiranega
|
0-0: Ball 1-0: SINGLE (Groundball, 6MD, EV 106.2 MPH)
|
Batting: RHB Russ Shambaugh
|
0-0: Ball 1-0: Ground out U3 (Groundball, 3L, EV 85.6 MPH)
|
Bottom of the 5th over - 0 runs, 1 hit, 0 errors, 1 left on base; Toronto 3 - New York 0 |
TOP OF THE 6TH |
Toronto Blue Jays batting - Pitching for New York Yankees : LHP Zach Purvis
|
Batting: SHB Jason Woods
|
0-0: Foul Ball, location: 2F 0-1: Ball 1-1: Ball 2-1: SOLO HOME RUN (Flyball, 7LD, EV 89.4 MPH), Distance : 342 ft
|
Batting: RHB Brock Van Gilder
|
0-0: Ball 1-0: Foul Ball, location: 2F 1-1: Foul Ball, location: 2F 1-2: SINGLE (Line Drive, 4MD, EV 96.9 MPH)
|
Pitching: RHP Tim Catalano
|
|
Batting: SHB Dominik Hasek II
|
0-0: Called Strike 0-1: 2-RUN HOME RUN (Flyball, 8LXD, EV 110.0 MPH), Distance : 415 ft
|
Batting: RHB Mike Harkins
|
0-0: Foul Ball, location: 2F 0-1: Called Strike 0-2: Strikes out looking
|
Batting: RHB Danny Burnside
|
0-0: Ball 1-0: Swinging Strike 1-1: Ball 2-1: TRIPLE (Line Drive, 89XD, EV 105.0 MPH)
|
Batting: RHB Steve Jordan
|
0-0: Called Strike 0-1: Fly out, F7 (Flyball, 7S, EV 80.0 MPH)
|
Batting: RHB Efrain Vargas
|
0-0: Foul Ball, location: 2F 0-1: Ball 1-1: Ball 2-1: Fly out, F8 (Line Drive, 8LD, EV 110.0 MPH)
|
Top of the 6th over - 3 runs, 4 hits, 0 errors, 1 left on base; Toronto 6 - New York 0 |
BOTTOM OF THE 6TH |
New York Yankees batting - Pitching for Toronto Blue Jays : RHP Hoof Harted
|
Batting: RHB Jeckel Hester
|
0-0: Ball 1-0: Called Strike 1-1: Swinging Strike 1-2: Ball 2-2: Ball 3-2: Ground out 4-3 (Groundball, 4, EV 76.9 MPH)
|
Batting: SHB Bartholomeu Chambino
|
0-0: Ball 1-0: Called Strike 1-1: Ball 2-1: Foul Ball, location: 2F 2-2: Strikes out swinging
|
Batting: SHB Gus Berry
|
0-0: Ball 1-0: Ball 2-0: Called Strike 2-1: SOLO HOME RUN (Flyball, 89XD, EV 98.1 MPH), Distance : 400 ft
|
Batting: SHB Mukhtar Wa'il
|
0-0: Fly out, F8 (Flyball, 78D, EV 101.9 MPH)
|
Bottom of the 6th over - 1 run, 1 hit, 0 errors, 0 left on base; Toronto 6 - New York 1 |
TOP OF THE 7TH |
Toronto Blue Jays batting - Pitching for New York Yankees : RHP Tim Catalano
|
Batting: RHB C.J. Richerson
|
0-0: Swinging Strike 0-1: Foul Ball, location: 2F 0-2: Strikes out swinging
|
Batting: RHB Butch Kaiser
|
0-0: Called Strike 0-1: Ball 1-1: Swinging Strike 1-2: Ball 2-2: Ball 3-2: Foul Ball, location: 2F 3-2: Strikes out swinging
|
Batting: SHB Jason Woods
|
0-0: Called Strike 0-1: Ball 1-1: Swinging Strike 1-2: Ball 2-2: SINGLE (Line Drive, 9S, EV 89.4 MPH)
|
Batting: RHB Brock Van Gilder
|
0-0: Hit by Pitch Jason Woods to second
|
Batting: SHB Dominik Hasek II
|
0-0: Swinging Strike 0-1: Ball 1-1: Ball 2-1: Fly out, F8 (Flyball, 8LXD, EV 100.6 MPH)
|
Top of the 7th over - 0 runs, 1 hit, 0 errors, 2 left on base; Toronto 6 - New York 1 |
BOTTOM OF THE 7TH |
New York Yankees batting - Pitching for Toronto Blue Jays : RHP Hoof Harted
|
Now in LF: Jason Woods
|
|
Now in CF: Donny Burnside
|
|
Now in RF: Danny Burnside
|
|
Batting: RHB Shiro Suehiro
|
0-0: SOLO HOME RUN (Line Drive, 7D, EV 102.5 MPH), Distance : 398 ft
|
Batting: RHB Larry Martell
|
0-0: Ball 1-0: Called Strike 1-1: Fly out, F8 (Flyball, 8RD, EV 98.8 MPH)
|
Batting: LHB Joel Vera
|
0-0: Ball 1-0: Called Strike 1-1: Ball 2-1: Ball 3-1: Base on Balls
|
Batting: RHB Geni Prawiranega
|
0-0: Foul Ball, location: 2F 0-1: Swinging Strike 0-2: Ball 1-2: Foul Ball, location: 2F 1-2: Ball 2-2: Ball 3-2: Foul Ball, location: 2F 3-2: Strikes out swinging
|
Batting: RHB Russ Shambaugh
|
0-0: Ball 1-0: Ball 2-0: SINGLE (Groundball, 25, EV 68.1 MPH) (infield hit) Joel Vera to second
|
Batting: RHB Jeckel Hester
|
0-0: Ball 1-0: Called Strike 1-1: Called Strike 1-2: Ball 2-2: Strikes out looking
|
Bottom of the 7th over - 1 run, 2 hits, 0 errors, 2 left on base; Toronto 6 - New York 2 |
TOP OF THE 8TH |
Toronto Blue Jays batting - Pitching for New York Yankees : RHP Tim Catalano
|
Pitching: LHP Robert Cruz
|
|
Batting: RHB Mike Harkins
|
0-0: Called Strike 0-1: Foul Ball, location: 2F 0-2: Foul Ball, location: 2F 0-2: Ball 1-2: Ball 2-2: Fly out, F8 (Flyball, 8RXD, EV 88.8 MPH)
|
Batting: RHB Danny Burnside
|
0-0: Ball 1-0: Ball 2-0: Swinging Strike 2-1: Ball 3-1: Ground out 5-3 (Groundball, 56, EV 87.5 MPH)
|
Batting: RHB Donny Burnside
|
0-0: Called Strike 0-1: Foul Ball, location: 2F 0-2: Ball 1-2: Ball 2-2: Ball 3-2: SINGLE (Groundball, 5S, EV 70.6 MPH) (infield hit)
|
Batting: RHB Efrain Vargas
|
Pickoff Play to 1st, Runner tries for 2nd, OUT after rundown.
|
Top of the 8th over - 0 runs, 1 hit, 0 errors, 0 left on base; Toronto 6 - New York 2 |
BOTTOM OF THE 8TH |
New York Yankees batting - Pitching for Toronto Blue Jays : RHP Hoof Harted
|
Batting: SHB Bartholomeu Chambino
|
0-0: Swinging Strike 0-1: Swinging Strike 0-2: Ball 1-2: Strikes out swinging
|
Batting: SHB Gus Berry
|
0-0: Called Strike 0-1: Swinging Strike 0-2: Foul Ball, location: 2F 0-2: Ball 1-2: Ball 2-2: Strikes out swinging
|
Batting: SHB Mukhtar Wa'il
|
0-0: Ball 1-0: Ball 2-0: Foul Ball, location: 2F 2-1: Swinging Strike 2-2: Strikes out swinging
|
Bottom of the 8th over - 0 runs, 0 hits, 0 errors, 0 left on base; Toronto 6 - New York 2 |
TOP OF THE 9TH |
Toronto Blue Jays batting - Pitching for New York Yankees : LHP Robert Cruz
|
Pitching: RHP Edwin Espinal
|
|
Batting: RHB Efrain Vargas
|
0-0: Fly out, F9 (Line Drive, 9, EV 91.9 MPH)
|
Batting: RHB C.J. Richerson
|
0-0: Ball 1-0: Foul Ball, location: 2F 1-1: Ball 2-1: Ball 3-1: Called Strike 3-2: Foul Ball, location: 2F 3-2: Strikes out swinging
|
Batting: RHB Butch Kaiser
|
0-0: Called Strike 0-1: Ball 1-1: Called Strike 1-2: Ball 2-2: Foul Ball, location: 2F 2-2: Foul Ball, location: 2F 2-2: Ball 3-2: Base on Balls
|
Batting: SHB Jason Woods
|
0-0: Ball 1-0: Ball Butch Kaiser is caught stealing 2nd base 2-6
|
Top of the 9th over - 0 runs, 0 hits, 0 errors, 0 left on base; Toronto 6 - New York 2 |
BOTTOM OF THE 9TH |
New York Yankees batting - Pitching for Toronto Blue Jays : RHP Hoof Harted
|
Batting: RHB Shiro Suehiro
|
0-0: Called Strike 0-1: Ball 1-1: Ball 2-1: SINGLE (Groundball, 4D, EV 106.9 MPH)
|
Batting: RHB Larry Martell
|
0-0: Grounds into double play, 6-4-3 (Groundball, 6, EV 92.5 MPH)
|
Batting: LHB Joel Vera
|
0-0: Foul Ball, location: 2F 0-1: Called Strike 0-2: Ball 1-2: Foul Ball, location: 2F 1-2: Fly out, F6 (Popup, 6S, EV 83.8 MPH)
|
Bottom of the 9th over - 0 runs, 1 hit, 0 errors, 0 left on base; Toronto 6 - New York 2 |
|